 Dungeon Crawl Stone Soup version 0.30-a0-721-ga6a225cb13 (webtiles) character file.

Game seed: 14731488355089683105

18476 kae the Gelid (level 12, -1/82 HPs)
             Began as a Merfolk Ice Elementalist on Jan 27, 2023.
             Was an Initiate of Ashenzari.
             Slain by a salamander
             ... wielding a +4 halberd
              (12 damage)
             ... in a volcano.
             The game lasted 00:19:00 (14085 turns).

kae the Gelid (Merfolk Ice Elementalist)           Turns: 14085, Time: 00:19:01

Health: -1/82      AC:  9    Str: 13    XL:     12   Next: 58%
Magic:  3/26       EV: 15    Int: 27    God:    Ashenzari [......]
Gold:   602        SH:  0    Dex: 18    Spells: 13/31 levels left

rFire   . . .      SeeInvis .    p - +9 mace "Behold Eternity" {speed, Str+4 Dex+3, Alch, Comp} (curse)
rCold   . . .      Faith    .    (no shield)
rNeg    . . .      Spirit   .    y - +0 steam dragon scales
rPois   .          Reflect  .    J - +0 hat {Int+3}
rElec   .          Harm     .    (no cloak)
rCorr   .          Rampage  .    (no gloves)
Will    .....                    (no boots)
Stlth   ++                       (no amulet)
HPRegen 0.33/turn                I - +6 ring of intelligence
MPRegen 0.20/turn                O - +4 ring of protection

@: no status effects
A: (nimble swimmer 2), mertail
a: Renounce Religion, Curse Item, Shatter the Chains


You were in a volcano.
You worshipped Ashenzari.
Ashenzari was noncommittal.
You visited 3 branches of the dungeon, and saw 13 of its levels.
You also visited: Ossuary and Volcano.

You collected 756 gold pieces.
You spent 154 gold pieces at shops.


Innate Abilities, Weirdness & Mutations

((You are very nimble when in or above water. (Stealth+, EV+, Speed+++)))
Your lower body shifts to a powerful aquatic tail in water.


   Skills:
 + Level 3.6 Fighting
 + Level 2.7 Maces & Flails
 + Level 2.4 Armour
 + Level 5.3 Dodging
 - Level 2.1 Stealth
 - Level 10.4 Spellcasting
 - Level 17.3 Ice Magic


You had 13 spell levels left.
You knew the following spells:

 Your Spells              Type           Power      Damage    Failure   Level
a - Freeze                Ice            100%       1d10      0%          1
b - Frozen Ramparts       Ice            100%       1d16      0%          3
c - Ozocubu's Armour      Ice            82%        N/A       0%          3
d - Summon Ice Beast      Ice/Summ       57%        N/A       1%          4
e - Ozocubu's Refrigerat  Ice            41%        4d16      2%          7

Your spell library contained the following spells:

 Spells                   Type           Power      Damage    Failure   Level
 Ensorcelled Hibernation  Hex/Ice        100%       N/A       1%          2
 Magic Dart               Conj           56%        1d5       4%          1
 Sting                    Tmut/Pois      56%        1d5       4%          1
 Call Imp                 Summ           14%        N/A       6%          2
 Poisonous Vapours        Pois/Air       28%        N/A       6%          2
 Mephitic Cloud           Conj/Pois/Air  14%        N/A       12%         3
 Spider Form              Tmut/Pois      14%        N/A       12%         3
 Stone Arrow              Conj/Erth      28%        3d8       12%         3
 Anguish                  Hex/Necr       7%         N/A       38%         4
 Animate Armour           Summ/Erth      28%        N/A       38%         4
 Olgreb's Toxic Radiance  Pois           14%        N/A       38%         4
 Enfeeble                 Hex            7%         N/A       100%        7
 Lehudib's Crystal Spear  Conj/Erth      7%         10d3      100%        8

Inventory:

Hand Weapons
 m - a +3 dagger of freezing
   (You took it off a goblin on level 1 of the Dungeon)
 p - the cursed +9 mace "Behold Eternity" (weapon) {speed, Str+4 Dex+3, Alch, Comp}
   (You found it on level 2 of the Dungeon)

   Str:       It affects your strength (+4).
   Dex:       It affects your dexterity (+3).
   It has a curse which improves the following skills: Alchemy: Poison Magic and
   Transmutations.
   Companions: Summonings and Necromancy.
Missiles
 c - 65 stones
 d - 5 boomerangs
 j - 26 poisoned darts
 v - 2 throwing nets {=f!f}
 B - 2 curare-tipped darts {=f}
Armour
 y - +0 steam dragon scales (worn)
   (You found it on level 6 of the Dungeon)
 J - a +0 hat of intelligence (worn)
   (You took it off Gastronok on level 8 of the Dungeon)
Magical Staves
 g - a staff of poison {!a}
   (You found it on level 3 of the Dungeon)
Jewellery
 x - a ring of willpower
   (You found it on level 6 of the Dungeon)
 D - a +6 ring of dexterity
   (You found it on level 4 of the Dungeon)
 I - a +6 ring of intelligence (left hand)
   (You found it on level 6 of the Dungeon)
 O - a +4 ring of protection (right hand)
   (You found it on level 5 of the Dungeon)
Wands
 a - a wand of flame (3)
   (You found it on level 7 of the Dungeon)
 C - a wand of acid (3)
   (You took it off a kobold brigand on level 8 of the Dungeon)
 G - a wand of iceblast (20)
   (You found it in an ossuary)
 H - a wand of polymorph (7)
   (You found it in an ossuary)
 K - a wand of charming (6)
   (You found it in an ossuary)
Scrolls
 k - 6 scrolls of teleportation {@r4}
 l - 2 scrolls of blinking {!r}
 r - 2 scrolls of fear
 u - 2 scrolls of vulnerability {!r!r}
 w - a scroll of enchant weapon
 E - a scroll of fog
 F - 2 scrolls of enchant armour
 L - a scroll of poison {!r}
 N - 3 scrolls of identify {@r1}
 P - 3 scrolls of magic mapping {!r}
Potions
 b - 2 potions of magic
 e - 8 potions of curing {@q1}
 f - 2 potions of heal wounds {@q2}
 h - 3 potions of lignification {!q}
 i - 3 potions of flight
 n - 2 potions of cancellation
 o - 3 potions of ambrosia
 q - 5 potions of attraction {!q}
 s - a potion of degeneration {!q}
 t - a potion of invisibility
 z - 2 potions of berserk rage {!q}
 A - 2 potions of brilliance
 M - a potion of resistance

Dungeon Overview and Level Annotations

Branches:
Dungeon (9/15) Zot: 25286  Temple (1/1) D:5 Zot: 5881    Lair (3/5) D:8 Zot: 15490
 Shoals (0/4) Lair:2       Spider (0/4) Lair:2      Ossuary (visited)
Volcano (1/1) Zot: 5895
    Orc: D:9-12

Altars:
Ashenzari
Cheibriados
Dithmenos
Elyvilon
Fedhas
Gozag
Hepliaklqana
Kikubaaqudgha
Makhleb
Nemelex Xobeh
Okawaru
Qazlal
Ru
Sif Muna
Trog
Uskayaw
Vehumet
Wu Jian
Xom
Yredelemnul
Zin
The Shining One

Shops:
D:2 =   D:4 [**   D:6 *

Annotations:
D:7 Maggie
D:9 exclusion: shadow, Psyche

§§≈# ≈○≈≈
≈○≈≈§ ≈≈≈≈≈
≈...≈≈
♣♣♣.....♣
♣♣).......
♣♣.@.♣
♣..♣N...♣
♣..♣♣.....♣
♣..♣ P.....
♣♣.♣♣ .§...
♣..P♣ ≈≈.♣.
♣♣.P♣ §§♣
♣..♣♣ ≈≈♣
♣P..♣♣


You could see a salamander.


Message History

There are monsters nearby!
There are monsters nearby!
Casting: Ozocubu's Armour (safe; 0% risk of failure)
Confirm with . or Enter, or press ? or * to list all spells.
A film of ice covers your body!
The komodo dragon hisses angrily.
A salamander comes into view. It is wielding a +4 halberd.
The wyvern completely misses you. 😎 MP[-3]
You lost 3 mp, and now have 23/26 mp.
Casting: Ozocubu's Armour (safe; 0% risk of failure)
Confirm with . or Enter, or press ? or * to list all spells.
Casting: Frozen Ramparts (safe; 0% risk of failure)
Press: ? - help, Dir - look around, f - activate
There are no walls around you to affect.
Unknown command.
Casting: Frozen Ramparts (safe; 0% risk of failure)
Confirm with . or Enter, or press ? or * to list all spells.
Casting: Frozen Ramparts (safe; 0% risk of failure)
Press: ? - help, Dir - look around, f - activate
There are no walls around you to affect.
Unknown command.
Casting: Frozen Ramparts (safe; 0% risk of failure)
Confirm with . or Enter, or press ? or * to list all spells.
The heat is drained from your surroundings.
The plant begins to die. x9; The salamander is frozen!
The plant begins to die.
The fire bat is frozen!
The plant begins to die. x7
The two-headed ogre hits you with a +0 giant spiked club.
The two-headed ogre hits you with a +0 giant club!
The komodo dragon bites the plant!
The wyvern bites you but does no damage. 😕 HP[-11] MP[-7]
You take 11 damage, and now have 70/81 hp.
You lost 7 mp, and now have 16/26 mp.
Casting: Ozocubu's Refrigeration (dangerous; 2% risk of failure)
Confirm with . or Enter, or press ? or * to list all spells.
The heat is drained from your surroundings.
The salamander is frozen!
The fire bat is frozen!
You kill the fire bat!
The wyvern bites you.
The komodo dragon bites the plant!!
The two-headed ogre closely misses you.
The two-headed ogre hits you with a +0 giant club.
The wyvern closely misses you. 😕 HP[-5] MP[-7]
You take 5 damage, and now have 65/81 hp.
You lost 7 mp, and now have 9/26 mp.
You hit the wyvern.
A nearby plant withers and dies.
The komodo dragon bites the plant.
The wyvern bites you!
The salamander hits you from afar with a +4 halberd.
You are engulfed in flames!
* * * LOW HITPOINT WARNING * * *
The heat melts your icy armour. 😨 HP[-31]
You take 31 damage, and now have 34/81 hp.
MASSIVE DAMAGE!! (PAUSE)
You thump the wyvern!
You kill the wyvern!
A nearby plant withers and dies. x7
The two-headed ogre hits you with a +0 giant spiked club!!
* * * LOW HITPOINT WARNING * * *
The two-headed ogre hits you but does no damage.
Your Dodging skill increases to level 5! 😱 HP[-20] MP[+1]
You take 20 damage, and now have 14/81 hp.
MASSIVE DAMAGE!! (PAUSE)
Casting: Ozocubu's Refrigeration (dangerous; 2% risk of failure)
Confirm with . or Enter, or press ? or * to list all spells.
The heat is drained from your surroundings.
The komodo dragon seems to slow down.
The salamander is frozen!
You kill the two-headed ogre!
A nearby plant withers and dies. x9
The salamander hits you but does no damage.
The komodo dragon bites you but does no damage. 😱 MP[-7]
You lost 7 mp, and now have 3/26 mp.
Unknown command.
Casting: Ozocubu's Refrigeration (dangerous; 2% risk of failure)
Confirm with . or Enter, or press ? or * to list all spells.
You don't have enough magic to cast this spell.
You thump the komodo dragon!
The salamander barely misses you. 😱 HP[+1] Unknown command.
You thump the komodo dragon!
You kill the komodo dragon!
The salamander completely misses you.
You now have 82 max hp (+1).
Unknown command.
Casting: Ozocubu's Refrigeration (dangerous; 2% risk of failure)
Confirm with . or Enter, or press ? or * to list all spells.
You don't have enough magic to cast this spell.
Your icy armour will break if you move.
Continue? [Y]es or [N]o only, please.
Your icy armour will break if you move.
Continue?
Okay, then.
Your icy armour will break if you move.
Continue?
Your icy armour cracks and falls away as you move.
The salamander hits you with a +4 halberd.
* * * LOW HITPOINT WARNING * * *
You are engulfed in flames!
You die...

Skill      XL: |  1  2  3  4  5  6  7  8  9 10 11 12 |
---------------+-------------------------------------+-----
Ice Magic      | 5 6 7 9 11 13 15 17 | 17.3
Spellcasting   | 3 4 6 7 9 10 | 10.4
Dodging        | 5 |  5.3
Fighting       | 3 |  3.6
Maces & Flails | 2 |  2.7
Armour         | 2 |  2.4
Stealth        | |  2.1

Action                     |  1- 3 |  4- 6 |  7- 9 | 10-12 || total
---------------------------+-------+-------+-------+-------++-------
  Melee: Unarmed           |     4 |       |       |       ||     4
         Dagger            |    11 |       |       |       ||    11
         Mace              |     9 |    84 |   141 |   338 ||   572
         Punch             |       |     1 |       |     4 ||     5
   Cast: Freeze            |    43 |    28 |    42 |    89 ||   202
         Ozocubu's Armour  |       |     5 |    15 |    27 ||    47
         Frozen Ramparts   |       |     1 |    18 |    27 ||    46
         Ozocubu's Refrige |       |       |       |    23 ||    23
         Summon Ice Beast  |       |       |       |     2 ||     2
 Invoke: Curse Item        |       |       |       |     1 ||     1
  Evoke: Wand              |       |       |     3 |       ||     3
    Use: Scroll            |       |    10 |     7 |     6 ||    23
         Potion            |       |       |       |     2 ||     2
   Stab: Sleeping          |     2 |     6 |     2 |     7 ||    17
         Distracted        |       |       |       |     1 ||     1
 Armour: Robe              |    10 |    10 |    46 |       ||    66
         Steam dragon scal |       |       |    28 |   177 ||   205
  Dodge: Dodged            |    34 |    52 |   124 |   286 ||   496

Levels and vault maps discovered:
D:1:      wheals_arrival_linesprint, layout_basic, serial_curves,
          eino_curves_01, eino_curves_03
D:2:      layout_basic, serial_shops, nicolae_square_shop,
          ebering_ecumenical_altar_webs
D:3:      layout_loops_ring, serial_rivers, chequers_serial_rivers_room_a,
          chequers_serial_rivers_marsh, chequers_serial_rivers_micro_c,
          chequers_serial_rivers_micro_a, minmay_hedge_maze, uniq_jessica
D:4:      layout_rooms, lemuel_zombie_altar_kikubaaqudgha, serial_shops,
          nicolae_shop_overgrown_old_shop, nicolae_shop_waterfront, shop,
          bh_walls_and_bars
D:5:      layout_loops_cross, minmay_temple_entry_proselytizer
D:6:      layout_rooms, nicolae_alphabet_shops, minmay_misc_feat_secret_circle
D:7:      layout_basic, hex_large, kennysheep_nondescript, uniq_maggie,
          uniq_joseph, uniq_prince_ribbit1
D:8:      layout_basic, gammafunk_temple_overflow_wave,
          due_lair_maze_entry_diamond, enter_ossuary_1, uniq_amaemon,
          uniq_maurice, uniq_gastronok
D:9:      layout_stronghold, uniq_psyche
Temple:   compressed_dpeg_triangle_lava_temple
Lair:1:   layout_hall_layers, gauntlet_entry_generic, nzn_sisyphean_effort,
          grunt_megastairs_3
Lair:2:   layout_roguey, elwin_shoals_entry_rocks,
          nicolae_spider_entry_lesser_pyramids
Lair:3:   layout_cave_pods, nicolae_volcano_entry_lava_flow,
          infiniplex_staircase_pool_2, serial_bayou_shore_b, grunt_megastairs_5,
          lemuel_fruit_fields
Volcano:  pf_volcano_lost_world

Notes
Turn   | Place    | Note
-------+----------+-------------------------------------------
     0 | D:1      | kae the Merfolk Ice Elementalist began the quest for the
                  | Orb.
     0 | D:1      | Reached XP level 1. HP: 13/13 MP: 3/3
     0 | D:1      | magus.rc [v1.11.3]
   389 | D:1      | Reached XP level 2. HP: 19/19 MP: 3/5
   802 | D:1      | Reached skill level 5 in Ice Magic
  1112 | D:2      | Reached XP level 3. HP: 10/23 MP: 1/6
  1173 | D:2      | Learned a level 3 spell: Frozen Ramparts
  1203 | D:2      | Identified the +9 mace of Diet Blood {speed, Str+4 Dex+3}
  1426 | D:2      | Found a faded altar of an unknown god.
  1610 | D:2      | Reached XP level 4. HP: 29/30 MP: 5/8
  1818 | D:2      | Found Vuvuimn's Jewellery Emporium.
  2239 | D:3      | Learned a level 3 spell: Ozocubu's Armour
  2423 | D:3      | Reached skill level 3 in Spellcasting
  2423 | D:3      | Reached skill level 6 in Ice Magic
  2470 | D:3      | Reached XP level 5. HP: 34/35 MP: 6/9
  2482 | D:3      | HP: 8/35 [orc priest/divine providence (12)]
  2604 | D:3      | Noticed Jessica
  2608 | D:3      | Killed Jessica
  2854 | D:3      | You add the spells Sting, Poisonous Vapours and Olgreb's
                  | Toxic Radiance to your library.
  3339 | D:4      | Reached XP level 6. HP: 26/41 MP: 8/11
  3501 | D:4      | Reached skill level 7 in Ice Magic
  3567 | D:4      | Found Ypiloofe's General Store.
  3573 | D:4      | Bought a scroll of fear for 56 gold pieces
  3823 | D:4      | Found Siummiac's General Store.
  3828 | D:4      | Reached skill level 4 in Spellcasting
  3835 | D:4      | Reached XP level 7. HP: 46/46 MP: 8/13
  3842 | D:4      | Reached skill level 8 in Ice Magic
  3945 | D:4      | Bought a potion of heal wounds for 70 gold pieces
  3945 | D:4      | Bought a scroll of identify for 28 gold pieces
  4028 | D:4      | Found Inubraipp's Antique Armour Shop.
  4271 | D:4      | Found an ancient bone altar of Kikubaaqudgha.
  4298 | D:5      | Entered Level 5 of the Dungeon
  4490 | D:5      | Found a staircase to the Ecumenical Temple.
  4517 | D:5      | Reached skill level 9 in Ice Magic
  4531 | Temple   | Entered the Ecumenical Temple
  4639 | Temple   | Became a worshipper of Ashenzari the Shackled
  4686 | D:5      | Reached XP level 8. HP: 32/52 MP: 6/15
  4764 | D:5      | You pick up a book of Minor Magic and begin reading...
  4764 | D:5      | You add the spells Magic Dart, Call Imp and Mephitic Cloud
                  | to your library.
  4793 | D:5      | Noticed a troll
  4802 | D:5      | Killed a troll
  4803 | D:5      | Reached skill level 5 in Spellcasting
  4819 | D:5      | Learned a level 4 spell: Summon Ice Beast
  4983 | D:5      | Reached skill level 10 in Ice Magic
  5218 | D:5      | Identified the +8 short sword of Expedience {pain, rCorr
                  | MP+9 Int+3}
  5558 | D:6      | Reached skill level 6 in Spellcasting
  5574 | D:6      | Noticed a troll
  5580 | D:6      | Killed a troll
  5581 | D:6      | Reached skill level 11 in Ice Magic
  5581 | D:6      | Reached XP level 9. HP: 40/57 MP: 8/18
  5750 | D:6      | Identified the +1 ring mail of Fioguinn {rCorr Str+3
                  | Slay+2}
  5906 | D:6      | Found Moiben's Merry Market.
  5960 | D:6      | Reached skill level 12 in Ice Magic
  6124 | D:6      | Learned a level 7 spell: Ozocubu's Refrigeration
  6324 | D:7      | Reached skill level 7 in Spellcasting
  6448 | D:7      | Noticed a hornet
  6457 | D:7      | Killed a hornet
  6707 | D:7      | Reached skill level 13 in Ice Magic
  6707 | D:7      | Reached XP level 10. HP: 55/63 MP: 16/21
  7172 | D:7      | You pick up a book of Minor Magic and begin reading...
  7305 | D:7      | Noticed Maggie
  7843 | D:8      | Reached skill level 8 in Spellcasting
  7865 | D:8      | Reached skill level 14 in Ice Magic
  7866 | D:8      | Noticed a kobold demonologist
  7873 | D:8      | HP: 12/63 [yak (6)]
  7936 | D:8      | Found a staircase to the Lair.
  7953 | D:8      | Found a sand-covered staircase.
  7963 | Ossuary  | Entered an ossuary
  8368 | D:8      | Killed a kobold demonologist
  8698 | D:8      | Found a white marble altar of Elyvilon.
  8698 | D:8      | Found a blossoming altar of Fedhas.
  8807 | D:8      | Noticed Gastronok
  8817 | D:8      | Killed Gastronok
  8818 | D:8      | Reached skill level 9 in Spellcasting
  8818 | D:8      | Reached skill level 15 in Ice Magic
  8818 | D:8      | Reached XP level 11. HP: 45/68 MP: 9/24
  9120 | D:8      | Noticed Maurice
  9133 | D:8      | Killed Maurice
  9305 | D:8      | Noticed Amaemon
  9316 | D:8      | Killed Amaemon
  9764 | D:9      | Reached skill level 16 in Ice Magic
  9885 | D:9      | Noticed Psyche
  9930 | D:9      | Noticed a cyclops
  9936 | D:9      | HP: 15/68 [cyclops (19)]
  9941 | D:9      | Killed a cyclops
 10365 | D:9      | You pick up a book of Maledictions and begin reading...
 10365 | D:9      | You add the spells Anguish and Enfeeble to your library.
 11449 | Lair:1   | Entered Level 1 of the Lair of Beasts
 11612 | Lair:1   | Reached skill level 10 in Spellcasting
 11901 | Lair:1   | Noticed a boulder beetle
 11934 | Lair:1   | HP: 14/68 [boulder beetle (8)]
 11936 | Lair:1   | Killed a boulder beetle
 11937 | Lair:1   | Reached skill level 17 in Ice Magic
 11937 | Lair:1   | Reached XP level 12. HP: 16/74 MP: 6/26
 12233 | Lair:1   | You pick up a book of Armaments and begin reading...
 12233 | Lair:1   | You add the spells Stone Arrow, Animate Armour and
                  | Lehudib's Crystal Spear to your library.
 12837 | Lair:2   | Found a staircase to the Shoals.
 12944 | Lair:2   | Reached skill level 3 in Dodging
 12955 | Lair:2   | Reached skill level 1 in Fighting
 13235 | Lair:2   | Reached skill level 1 in Maces & Flails
 13235 | Lair:2   | Reached skill level 1 in Armour
 13437 | Lair:2   | Reached skill level 2 in Fighting
 13457 | Lair:2   | Reached skill level 4 in Dodging
 13587 | Lair:2   | Found a hole to the Spider Nest.
 13950 | Lair:3   | You pick up a book of Dreams and begin reading...
 13950 | Lair:3   | You add the spells Ensorcelled Hibernation and Spider Form
                  | to your library.
 13963 | Lair:3   | Reached skill level 2 in Maces & Flails
 13966 | Lair:3   | Found a dark tunnel.
 13975 | Volcano  | Entered a volcano
 13999 | Volcano  | Reached skill level 2 in Armour
 14017 | Volcano  | Reached skill level 3 in Fighting
 14075 | Volcano  | Noticed a two-headed ogre
 14081 | Volcano  | HP: 14/81 [two-headed ogre/+0 giant spiked club (20)]
 14082 | Volcano  | Reached skill level 5 in Dodging
 14082 | Volcano  | Killed a two-headed ogre
 14085 | Volcano  | Slain by a salamander

Vanquished Creatures
  A boulder beetle (Lair:1)
  A two-headed ogre (Volcano)
  A pharaoh ant (Lair:2)
  Amaemon (D:8)
  A cyclops (D:9)
  A black mamba (Lair:2)
  Maurice (D:8)
  An orange demon (D:8)
  A cane toad (Lair:1)
  3 komodo dragons
  A kobold demonologist (D:8)
  2 trolls
  A polar bear (Lair:2)
  A hornet (D:7)
  3 tarantellas (Lair:2)
  7 blink frogs (Lair:1)
  A shadow (D:9)
  4 wyverns
  10 yaks
  A fire bat (Volcano)
  2 wraiths (Ossuary)
  4 steam dragons
  2 acid dragons
  13 water moccasins
  An orc warrior (D:9)
  3 black bears
  2 sky beasts
  2 centaurs
  5 wolves (Lair:2)
  2 phantoms
  2 kobold brigands
  10 bullfrogs
  8 scorpions
  5 wights
  20 killer bees
  A howler monkey (D:4)
  A centaur zombie (Ossuary)
  6 hounds
  3 jellies
  10 orc priests
  5 iguanas
  Jessica (D:3)
  A gnoll bouda (D:7)
  10 orc wizards
  4 gnolls (D:7)
  12 adders
  A shadow imp (D:6)
  A white imp (D:7)
  A dart slug (D:2)
  32 orcs
  9 endoplasms
  4 giant cockroaches
  6 goblins
  5 hobgoblins
  3 jackals (D:1)
  16 kobolds
  7 quokkas
  A ball python (D:1)
  A ball python skeleton (Ossuary)
  7 bats
  5 frilled lizards
  A hobgoblin skeleton (Ossuary)
  2 hobgoblin zombies (Ossuary)
  2 kobold zombies (Ossuary)
  3 orc skeletons (Ossuary)
  4 rats
  2 rat zombies (D:4)
291 creatures vanquished.

Vanquished Creatures (collateral kills)
  Gastronok (D:8)
  A komodo dragon (Lair:2)
2 creatures vanquished.

Vanquished Creatures (others)
  35 fungi
  62 plants
97 creatures vanquished.

Grand Total: 390 creatures vanquished

Table legend:
 A = Non-vault XP
 B = Vault XP
 C = Vault XP percentage of total XP
 D = Non-vault monster count
 E = Vault monster count
 F = Vault count percentage of total count
                 A         B        C        D         E       F
            +---------+---------+-------+---------+---------+-------
      Total |   15962 |   10433 |  39.5 |     246 |      47 |  16.0
            +---------+---------+-------+---------+---------+-------
        D:1 |      30 |       0 |   0.0 |      20 |       0 |   0.0
        D:2 |      60 |       0 |   0.0 |      20 |       0 |   0.0
        D:3 |     183 |      37 |  16.8 |      20 |       1 |   4.8
        D:4 |     532 |       2 |   0.4 |      26 |       2 |   7.1
        D:5 |    1039 |      44 |   4.1 |      21 |       1 |   4.5
        D:6 |    1714 |       0 |   0.0 |      24 |       0 |   0.0
        D:7 |    1823 |       0 |   0.0 |      30 |       0 |   0.0
        D:8 |    1939 |    4771 |  71.1 |      31 |      15 |  32.6
        D:9 |    2778 |       0 |   0.0 |      26 |       0 |   0.0
     Lair:1 |    3150 |    1059 |  25.2 |      15 |       3 |  16.7
     Lair:2 |    2079 |    1569 |  43.0 |      10 |       4 |  28.6
     Lair:3 |     635 |       0 |   0.0 |       3 |       0 |   0.0
    Ossuary |       0 |     627 | 100.0 |       0 |      14 | 100.0
    Volcano |       0 |    2324 | 100.0 |       0 |       7 | 100.0
            +---------+---------+-------+---------+---------+-------

Illustrated notes

Table legend:
 A = Kills in this place as a percentage of kills in entire the game.
 B = Kills by you in this place as a percentage of kills by you in the entire game.
 C = Kills by friends in this place as a percentage of kills by friends in the entire game.
 D = Other kills in this place as a percentage of other kills in the entire game.
 E = Experience gained in this place as a percentage of experience gained in the entire game.
 F = Experience gained in this place divided by the number of levels of this place that you have seen.
                   A       B       C       D       E      F
               +-------+-------+-------+-------+-------+----------------------
         Total | 100.0 | 100.0 | 100.0 |   N/A | 100.0 | 1759.7
       Dungeon |  80.9 |  81.1 |  50.0 |   N/A |  56.6 | 1661.3
          Lair |  11.9 |  11.7 |  50.0 |   N/A |  32.2 | 2830.7
       Ossuary |   4.8 |   4.8 |   0.0 |   N/A |   2.4 | 627.0
       Volcano |   2.4 |   2.4 |   0.0 |   N/A |   8.8 | 2324.0
               +-------+-------+-------+-------+-------+----------------------

Table legend: (Time is in decaauts)
 A = Elapsed time spent in this place.
 B = Non-inter-level travel time spent in this place.
 C = Inter-level travel time spent in this place.
 D = Time resting spent in this place.
 E = Time spent auto-exploring this place.
 F = Levels seen in this place.
 G = Mean time per level.
                   A        B        C        D        E       F      G
               +--------+--------+--------+--------+--------+-----+--------+
         Total |  14016 |  13538 |    478 |    406 |  11032 |  15 |  934.4 |
       Dungeon |  10904 |  10465 |    439 |    300 |   8595 |   9 | 1211.6 |
        Temple |    118 |    108 |     10 |      0 |     66 |   1 |  118.0 |
          Lair |   2509 |   2482 |     27 |    106 |   2064 |   3 |  836.3 |
       Ossuary |    380 |    380 |      0 |      0 |    246 |   1 |  380.0 |
       Volcano |    103 |    103 |      0 |      0 |     60 |   1 |  103.0 |
               +--------+--------+--------+--------+--------+-----+--------+

Top non-repeatable levels by time:
     D:9: 1675 daAuts
     D:8: 1611 daAuts
     D:7: 1472 daAuts
  Lair:1: 1380 daAuts
     D:2: 1193 daAuts
     D:1: 1094 daAuts
  Lair:2: 1077 daAuts
     D:5: 1029 daAuts
     D:3: 1024 daAuts
     D:4: 958 daAuts
     D:6: 844 daAuts
 Ossuary: 380 daAuts
  Temple: 118 daAuts
 Volcano: 103 daAuts
  Lair:3: 50 daAuts
